 Dungeon Crawl Stone Soup version 0.20-a0-16-g0876c8e (webtiles) character file.

2397 Gorice the Martial Artist (level 9, -2/63 HPs)
             Began as a Demonspawn Monk on Nov 4, 2016.
             Was a Priest of Okawaru.
             Killed from afar by an ogre mage (39 damage)
             ... with a crystal spear
             ... on level 7 of the Dungeon.
             The game lasted 00:25:42 (7004 turns).

Gorice the Martial Artist (Demonspawn Monk)         Turns: 7004, Time: 00:25:42

Health: -2/63      AC: 17    Str: 15    XL:     9   Next: 22%
Magic:  0/10       EV: 10    Int: 12    God:    Okawaru [***...]
Gold:   420        SH:  0    Dex: 15    Spells: 0 memorised, 8 levels left

rFire  . . .     SeeInvis .       - Unarmed
rCold  . . .     Gourm    .     v - +0 chain mail (curse)
rNeg   . . .     Faith    .     (no shield)
rPois  .         Spirit   +     (no helmet)
rElec  .         Reflect  .     f - +1 cloak
rCorr  .         Harm     .     z - +2 pair of gloves
MR     .....                    w - +1 pair of boots
Stlth  ..........               F - amulet of guardian spirit
                                (no ring)
                                t - ring of wizardry

@: heroism
A: claws 1, hooves 2, powered by death 1
a: Heroism, Renounce Religion


You were on level 7 of the Dungeon.
You worshipped Okawaru.
Okawaru was most pleased with you.
You were hungry.

You visited 2 branches of the dungeon, and saw 8 of its levels.

You collected 420 gold pieces.

Inventory:

Hand Weapons
 a - a +0 long sword
 q - a +0 dagger of freezing
   (You took it off a goblin on level 2 of the Dungeon)
 u - a +1 falchion
Missiles
 p - 35 poisoned needles
 Z - 183 stones (quivered)
Armour
 f - a +1 cloak (worn)
 v - a cursed +0 chain mail (worn)
 w - a +1 pair of boots (worn)
 z - a +2 pair of gloves (worn)
Jewellery
 t - a ring of wizardry (left hand)
 F - an amulet of guardian spirit (around neck)
Wands
 d - a wand of digging (14/24)
 s - a wand of acid (8/15)
 G - a wand of iceblast (9/15)
Scrolls
 e - 9 scrolls of remove curse
 j - 2 scrolls of teleportation {!r}
 y - 4 scrolls of fear {!r}
 C - a scroll of enchant armour
 D - a scroll of enchant weapon
Potions
 h - a potion of might {!q}
 i - a potion of mutation {!q}
 k - 4 potions of brilliance {!q}
 l - a potion of heal wounds {!q}
 n - a potion of magic {!q}
 x - a potion of resistance {unknown}
 A - a potion of lignification {unknown}
 B - a potion of curing
Comestibles
 c - 6 bread rations {!e}
 g - 4 meat rations {!e}
 m - 2 slices of pizza


   Skills:
 - Level 3.0(8.0) Fighting
 - Level 6.1(11.1) Long Blades
 - Level 2.8(7.8) Dodging
 - Level 1.9(6.9) Stealth
 * Level 9.6(14.6) Unarmed Combat
 - Level 2.2 Invocations


You had 8 spell levels left.
You didn't know any spells.

Dungeon Overview and Level Annotations

Branches:
Dungeon (7/15)             Temple (1/1) D:4

Altars:
Ashenzari
Elyvilon
Fedhas
Gozag
Hepliaklqana
Kikubaaqudgha
Nemelex Xobeh
Okawaru
Qazlal
Ru
Sif Muna
Trog
Vehumet
Yredelemnul
Zin


Innate Abilities, Weirdness & Mutations

You have sharp fingernails.
You have hoof-like feet.
You regenerate a little health from kills.


Message History

You destroy the shadow!
Okawaru accepts your kill.
You hit the adder skeleton but do no damage.
The adder skeleton is severely damaged.
The adder skeleton misses you. The ogre mage closely misses you.
You punch the adder skeleton!
You destroy the adder skeleton!
Okawaru accepts your kill.
The ogre mage points at you and mumbles some strange words.
The bolt of fire hits you!
There is an open door here.
Damage: 8 (max 8)
You punch the ogre mage!
The ogre mage is moderately wounded.
The ogre mage closely misses you.
You punch the ogre mage!
The ogre mage is heavily wounded.
You hit the ogre mage but do no damage.
The ogre mage is heavily wounded.
The ogre mage hits you with a halberd.
Damage: 2 (max 8)
You barely miss the ogre mage.
The ogre mage is heavily wounded.
The ogre mage hits you but does no damage.
You punch the ogre mage!
The ogre mage is severely wounded.
You feel like a meek peon again.
You hit the ogre mage.
The ogre mage is severely wounded.
The ogre mage hits you but does no damage.
You hit the ogre mage.
You punch the ogre mage, but do no damage.
The ogre mage is almost dead.
The ogre mage points at you and mumbles some strange words.
The bolt of fire hits you!
Damage: 12 (max 12)
You closely miss the ogre mage.
The ogre mage is almost dead.
The ogre mage hits you but does no damage.
You punch the ogre mage!
The ogre mage is almost dead.
Press: ? - help, v - describe, . - travel
Here: an ogre mage, wielding a halberd and wearing a robe (almost dead)
The floor, spattered with blood.
Unknown command.
You gain the combat prowess of a mighty hero.
The ogre mage casts a spell at you. The crystal spear hits you!
Ouch! That really hurt!
You die...

..# #..# ## ###
###+#####..#..#
..####.......#..#..#
..#.......#.#......
.
##.#.....###.#..#.#
....#..#.###.#
#.#..#.# ......O@##
#.# #.'..#.#
#....(.#...###
#.#....## ##...##
.....# #.#.....#
#...
.......###...... ...
##..... #...... ##
##+## #...#..
....###. .....# ##
#####.# #


You could see an ogre mage.

Vanquished Creatures
  The ghost of motku00 the Grappler, a novice TrWz of Makhleb (D:6)
  Sigmund (D:2)
  A shadow (D:7)
  2 ice beasts
  An orc warrior (D:6)
  A sky beast (D:6)
  An ogre (D:5)
  3 centaurs
  A bullfrog (D:6)
  2 scorpions
  A howler monkey (D:4)
  2 hounds
  2 orc priests
  Crazy Yiuf (D:5)
  A gnoll shaman (D:6)
  A bullfrog skeleton (D:5)
  3 orc wizards
  An iguana (D:5)
  Ijyb (D:3)
  3 worker ants
  A worker ant zombie (D:5)
  7 gnolls (D:6)
  8 adders
  2 adder skeletons
  4 leopard geckos
  15 orcs
  9 giant cockroaches
  6 goblins
  7 hobgoblins
  13 kobolds
  3 quokkas
  A ball python skeleton (D:6)
  15 bats
  7 frilled lizards
  A jackal skeleton (D:5)
  A leopard gecko skeleton (D:6)
  5 rats
135 creatures vanquished.

Vanquished Creatures (others)
  A goblin (D:2)
1 creature vanquished.

Grand Total: 136 creatures vanquished

Notes
Turn   | Place    | Note
-------+----------+-------------------------------------------
     0 | D:1      | Gorice the Demonspawn Monk began the quest for the Orb.
     0 | D:1      | Reached XP level 1. HP: 18/18 MP: 1/1
   105 | D:1      | Reached skill level 3 in Long Blades
   226 | D:1      | Gained mutation: You have large cloven feet. [demonic ancestry]
   226 | D:1      | Reached XP level 2. HP: 16/24 MP: 2/2
  1305 | D:2      | Gained mutation: You have sharp fingernails. [demonic ancestry]
  1305 | D:2      | Reached XP level 3. HP: 29/29 MP: 3/3
  1467 | D:2      | Reached skill level 4 in Long Blades
  1763 | D:2      | Noticed Sigmund
  1824 | D:1      | HP: 8/29 [kobold/short sword (1)]
  2180 | D:2      | Reached XP level 4. HP: 35/35 MP: 4/4
  2424 | D:2      | Killed Sigmund
  2424 | D:2      | Reached skill level 5 in Long Blades
  2424 | D:2      | Reached XP level 5. HP: 41/41 MP: 5/5
  2764 | D:3      | Reached skill level 6 in Long Blades
  2909 | D:3      | Gained mutation: You have hoof-like feet. [demonic ancestry]
  2909 | D:3      | Reached XP level 6. HP: 40/47 MP: 6/6
  2988 | D:3      | Noticed Ijyb
  3018 | D:3      | Killed Ijyb
  3018 | D:3      | Reached skill level 1 in Unarmed Combat
  3049 | D:3      | Found a shattered altar of Ashenzari.
  3145 | D:3      | Found a hazy altar of Hepliaklqana.
  3184 | D:3      | HP: 8/47 [orc priest/divine providence (12)]
  3744 | D:4      | Found a sparkling altar of Nemelex Xobeh.
  3748 | D:4      | Reached skill level 2 in Unarmed Combat
  3799 | D:4      | Found a stormy altar of Qazlal.
  3902 | D:4      | Found a staircase to the Ecumenical Temple.
  3984 | Temple   | Entered the Ecumenical Temple
  4095 | Temple   | Became a worshipper of Warmaster Okawaru
  4095 | Temple   | Reached * piety under Okawaru
  4095 | Temple   | Reached ** piety under Okawaru
  4159 | D:4      | Reached skill level 3 in Unarmed Combat
  4315 | D:4      | Reached skill level 1 in Invocations
  4315 | D:4      | Reached XP level 7. HP: 51/52 MP: 7/7
  4540 | D:5      | Entered Level 5 of the Dungeon
  4669 | D:5      | Reached skill level 2 in Invocations
  4784 | D:5      | Reached skill level 4 in Unarmed Combat
  5062 | D:5      | Found a white marble altar of Elyvilon.
  5434 | D:5      | HP: 15/52 [ice beast (3)]
  5434 | D:5      | HP: 2/52 [ice beast (13)]
  5658 | D:5      | Reached skill level 5 in Unarmed Combat
  5693 | D:5      | Found a runed door.
  5697 | D:5      | Noticed Crazy Yiuf
  5708 | D:5      | Killed Crazy Yiuf
  5832 | D:5      | Reached skill level 6 in Unarmed Combat
  5832 | D:5      | Gained mutation: You regenerate a little health from kills. [demonic ancestry]
  5832 | D:5      | Reached XP level 8. HP: 55/58 MP: 6/9
  6116 | D:6      | Noticed motku00's ghost (novice TrWz)
  6151 | D:6      | Killed motku00's ghost
  6151 | D:6      | Reached *** piety under Okawaru
  6151 | D:6      | Reached skill level 8 in Unarmed Combat
  6384 | D:6      | Found a basalt altar of Yredelemnul.
  6429 | D:6      | Reached XP level 9. HP: 57/63 MP: 7/10
  6562 | D:6      | Found a stormy altar of Qazlal.
  6570 | D:6      | Reached skill level 9 in Unarmed Combat
  6978 | D:7      | Noticed an ogre mage
  7004 | D:7      | Killed from afar by an ogre mage

Vault maps used:
D:1:      minmay_arrival_radiant_lines
D:2:      first_bread, lemuel_another_geyser, uniq_sigmund
D:3:      old_standard_altar, lemuel_round_altar, uniq_iyjb
D:4:      kennysheep_little_box, grunt_qazlal_sundering
D:5:      elyvilon_altar_3, nicolae_overflow_hidden_temple, chequers_big_river,
          uniq_crazy_yiuf_cottage
D:6:      lemuel_crystal_altar, old_standard_altar
D:7:      kennysheep_orc_sif_temple, lemuel_crystal_altar, grunt_ogre_cave,
          minmay_the_grid_3x2, uniq_joseph
Temple:   nicolae_temple_figure_zero

Skill      XL: |  1  2  3  4  5  6  7  8  9 |
---------------+----------------------------+-----
Long Blades    | 3 4 5 6 |  6.1
Unarmed Combat | 3 6 8 9 |  9.6
Invocations    | 1 2 |  2.2
Fighting       | |  3.0
Dodging        | |  2.8
Stealth        | |  1.9

Action                   |  1- 3 |  4- 6 |  7- 9 || total
-------------------------+-------+-------+-------++-------
Melee: Falchion          |   146 |   177 |       ||   323
       Kick              |    33 |    77 |    13 ||   123
       Long sword        |       |    34 |   149 ||   183
       Punch             |       |       |     5 ||     5
       Unarmed           |       |       |   126 ||   126
Throw: Stone             |    22 |    19 |    17 ||    58
Invok: Heroism           |       |       |     8 ||     8
Evoke: Wand              |       |     2 |       ||     2
  Use: Scroll            |     7 |     6 |     5 ||    18
       Potion            |       |     1 |     2 ||     3
 Stab: Sleeping          |     3 |       |       ||     3
  Eat: Chunk             |     3 |     8 |     9 ||    20
Armor: Robe              |    14 |       |       ||    14
       Scale mail        |    60 |    43 |       ||   103
       Chain mail        |       |    50 |   150 ||   200
Dodge: Dodged            |   109 |    94 |   115 ||   318
       Rpst.: Falchion   |    35 |    28 |       ||    63
       Long sword        |       |     2 |    17 ||    19

Table legend:
 A = Turns spent in this place as a percentage of turns spent in the entire game.
 B = Non-inter-level travel turns spent in this place as a percentage of non-inter-level travel turns spent in the entire game.
 C = Inter-level travel turns spent in this place as a percentage of turns spent in this place.
 D = Turns resting spent in this place as a percentage of non-inter-level travel turns spent in this place.
 E = Turns spent auto-exploring this place as a percentage of non-inter-level travel turns spent in this place.
 F = Non-inter-level travel turns spent in this place divided by the number of levels of this place that you've seen.
                   A       B       C       D       E      F
               +-------+-------+-------+-------+-------+----------------------
         Total | 100.0 | 100.0 |   0.4 |   2.3 |   6.0 | 307.6
       Dungeon |  98.9 |  98.9 |   0.4 |   2.3 |   5.6 | 347.6
        Temple |   1.1 |   1.1 |   0.0 |   0.0 |  35.7 |  28.0
               +-------+-------+-------+-------+-------+----------------------

Vault maps used:
D:1:      minmay_arrival_radiant_lines
D:2:      first_bread, lemuel_another_geyser, uniq_sigmund
D:3:      old_standard_altar, lemuel_round_altar, uniq_iyjb
D:4:      kennysheep_little_box, grunt_qazlal_sundering
D:5:      elyvilon_altar_3, nicolae_overflow_hidden_temple, chequers_big_river,
          uniq_crazy_yiuf_cottage
D:6:      lemuel_crystal_altar, old_standard_altar
D:7:      kennysheep_orc_sif_temple, lemuel_crystal_altar, grunt_ogre_cave,
          minmay_the_grid_3x2, uniq_joseph
Temple:   nicolae_temple_figure_zero
